 Dungeon Crawl Stone Soup version 0.30.1 (webtiles) character file.

Game seed: 15982509331500865158

3 monsoonserge the Slasher (level 1, 0/19 HPs)
             Began as a Meteoran Monk on July 8, 2023.
             Succumbed to an adder's poison
             ... on level 2 of the Dungeon.
             The game lasted 00:01:41 (311 turns).

monsoonserge the Slasher (Meteoran Monk)             Turns: 311, Time: 00:01:42

Health: 0/19       AC:  2    Str: 12    XL:     1   Next: 71%
Magic:  2/2        EV: 13    Int: 11    God:
Gold:   39         SH:  0    Dex: 16    Spells: 0/0 levels left

rFire   . . .        a - +0 falchion
rCold   . . .        d - orb {light}
rNeg    . . .        b - +0 robe
rPois   .            (no helmet)
rElec   .            (no cloak)
rCorr   .            (no gloves)
SInv    .            (no boots)
Will    .....        (no amulet)
Stlth   +            (no ring)
HPRegen 0.23/turn    (no ring)
MPRegen 0.08/turn

%: no passive effects
@: lethally poisoned (0 -> -7), glowing
A: sense surroundings 1, otherworldly, glowing, explore regen
a: no special abilities


You were on level 2 of the Dungeon.
You visited 1 branch of the dungeon, and saw 2 of its levels.

You collected 39 gold pieces.

Inventory:

Hand Weapons
 a - a +0 falchion (weapon)
Armour
 b - a +0 robe (worn)
 d - an orb of light (worn)
Scrolls
 e - a scroll of blinking {unknown}
 f - a scroll of noise {unknown}
 g - a scroll of magic mapping {unknown}
Potions
 c - a potion of ambrosia


   Skills:
 + Level 3.3 Fighting
 + Level 3.7 Long Blades
 + Level 3.7 Dodging


You couldn't memorise any spells.
You didn't know any spells.
Your spell library contained the following spells:

 Spells                   Type           Power      Damage    Failure   Level
 Dazzling Flash           Conj/Hex       0%         N/A       71%         3
 Volatile Blastmotes      Fire/Tloc      0%         2d10      71%         3
 Iskenderun's Mystic Bla  Conj/Tloc      0%         2d3       98%         4
 Starburst                Conj/Fire      0%         6d3       100%        6


Dungeon Overview and Level Annotations

Branches:
Dungeon (2/15) Zot: 886

Altars:


Innate Abilities, Weirdness & Mutations

You passively map a small area around you.
You are easily found by Zot.
You glow in the dark.
You regain HP and MP as you explore.


Message History

The adder is lightly wounded.
The adder bites you but does no damage.
You hit the adder.
The adder is moderately wounded.
The adder barely misses you. The goblin barely misses you.
The adder closely misses you. The goblin attacks as you move away!
The goblin hits you with a +0 club. The adder barely misses you.
The adder attacks as you move away! The adder closely misses you.
The ball python attacks as you move away!
The ball python completely misses you. The ball python misses you.
Found an escape hatch in the ceiling.
The adder bites you but does no damage. The ball python barely misses you.
The ball python closely misses you.
You closely miss the adder.
The adder is moderately wounded.
The adder closely misses you.
You closely miss the adder.
The adder is moderately wounded.
The adder misses you.
You completely miss the goblin. The goblin hits you with a +0 club.
The adder bites you.
You barely miss the adder.
The adder is moderately wounded.
The adder closely misses you. The goblin closely misses you.
The adder bites you.
You hit the adder but do no damage.
The adder is moderately wounded.
The goblin hits you with a +0 club.
* * * LOW HITPOINT WARNING * * *
The adder bites you but does no damage. The goblin barely misses you.
You hit the adder.
The adder is heavily wounded.
The adder bites you.
* * * LOW HITPOINT WARNING * * *
You are lethally poisoned!
The adder poisons you! The goblin hits you but does no damage.
The adder barely misses you.
You slash the adder!
You kill the adder!
You die...

,,, ,.. ,
#.#.#.... ,#. .
##.#.#.... .g,..
......... , ,*
.###.##....... *
,,... ....... *
#.#* #.#.# * * * ,
*
.##.###.####...###
,
..............Sg@#
######..##..###†#
, #.........# #.#
#.#######.# #.# ,
#.#, ### #.# * *
#.# , **#<# * #.#,
, ,..# ,* #.# ,**
### #.# ** *


You could see a goblin and a ball python.

Vanquished Creatures
  An adder (D:2)
  A hobgoblin (D:1)
  A kobold (D:1)
  A frilled lizard (D:1)
4 creatures vanquished.

Notes
Turn   | Place    | Note
-------+----------+-------------------------------------------
     0 | D:1      | monsoonserge the Meteoran Monk began the quest for the Orb.
     0 | D:1      | Reached XP level 1. HP: 19/19 MP: 2/2
   311 | D:2      | Succumbed to an adder's poison

Illustrated notes

Levels and vault maps discovered:
D:1:      roderic_dead_forest, layout_basic, ebering_ecumenical_altar_webs,
          serial_co_window_serial, co_window_of_opportunity_a,
          co_window_of_opportunity_a, co_window_paths_a, co_window_paths_b,
          co_window_paths_b, co_window_corner_a, co_window_corner_a,
          co_window_of_opportunity_c, co_window_of_opportunity_c,
          co_window_broadway_b, glass_columns_c, glass_columns_a,
          glass_columns_b
D:2:      layout_basic, minmay_diced_spiral

Action                     || total
---------------------------++-------
  Melee: Falchion          ||    24
 Armour: Robe              ||     8
  Dodge: Dodged            ||    22
